Description

Macro build for beginners

Build Order

Get SALT Encoding   

  14  0:15  Supply Depot  
  16  0:42  Barracks  
  16  0:46  Refinery  
  20  1:30  Supply Depot  
  20  1:35  Orbital Command  
  20  1:51  Factory  
  21  2:10  Command Center  
  22  2:14  Barracks Tech Lab  
  23  2:30  Bunker  
  24  2:41  Refinery  
  27  2:50  Siege Tank  make 4 tanks
  31  3:40  Factory x2  
  33  3:56  Engineering Bay  
  33  4:00  Supply Depot  wall off natural with supply depots
  41  4:25  Missile Turret x2  Blind missile turrets in mineral lines
  42  4:30  Armory  
  44  4:40  Factory Reactor x2  
  45  4:50  Command Center  
  51  5:10  Supply Depot x2  
  53  5:15  Refinery x2  
Spawning Tool Build Advisor. Get it on Overwolf

Go to:

Details

  • Created by: 2eckoning
  • Published on: Jan 20, 2019
  • Modified on: Jan 20, 2019
  • Patch: 4.7.1
Show
View Real Time Build Order
Export as new Build Order

Comments (0)

There are no comments. Be the first!

Create an account to comment!